Map: Newkirk Precinct TE (Void)

Players

ShoWTimE - Winner!

  • Race: Protoss Protoss
  • Spawn Location: 7:00

iGXY (XY)

  • Race: Terran Terran
  • Spawn Location: 5:00

Event: WESG 2016 Finals

VOD

Have the link to the VOD?

Description

Time

  • Played on: Jan. 14, 2017, 2:23 a.m.
  • Length: 11:35

All games in this series

Show
View Real Time Build Order
Export as new Build Order

ShoWTimE Protoss - Winner!

Build Orders: Oracle Opening 

Get SALT Encoding   

  12  0:01  Probe (Chrono Boost)  
  13  0:11  Probe (Chrono Boost)  
  14  0:17  Pylon  
  14  0:22  Probe (Chrono Boost)  
  16  0:35  Probe (Chrono Boost)  
  16  0:37  Gateway  
  16  0:42  Assimilator  
  16  0:46  Probe (Chrono Boost)  
  18  0:57  Probe (Chrono Boost)  
  18  1:07  Probe (Chrono Boost)  
  19  1:21  Assimilator  
  19  1:22  Probe (Chrono Boost), Zealot  
  20  1:27  Cybernetics Core, Pylon  
  23  1:34  Probe (Chrono Boost)  
  24  1:47  Probe (Chrono Boost)  
  25  2:03  Adept  
  25  2:05  Mothership Core (Chrono Boost)  
  28  2:11  Pylon  
  27  2:23  Probe (Chrono Boost)  
  27  2:33  Probe (Chrono Boost)  
  27  2:36  Stargate  
  29  2:44  Probe (Chrono Boost)  
  29  2:49  Warp Gate  
  29  2:55  Probe (Chrono Boost)  
  30  2:59  Nexus  
  30  3:05  Probe (Chrono Boost)  
  30  3:13  Stalker  
  30  3:18  Probe (Chrono Boost)  
  33  3:23  Pylon  
  33  3:24  Oracle  
  37  3:34  Probe (Chrono Boost)  
  37  3:46  Probe (Chrono Boost)  
  37  3:47  Gateway  
  38  3:54  Gateway  
  38  4:00  Probe (Chrono Boost)  
  38  4:01  Oracle  
  42  4:12  Probe (Chrono Boost)  
  42  4:13  Probe (Chrono Boost)  
  44  4:23  Probe (Chrono Boost)  
  46  4:24  Probe (Chrono Boost)  
  46  4:34  Probe (Chrono Boost)  
  46  4:37  Pylon  
  46  4:38  Probe (Chrono Boost)  
  48  4:45  Probe (Chrono Boost)  
  49  4:47  Robotics Facility  
  49  4:50  Probe (Chrono Boost)  
  50  4:55  Probe (Chrono Boost)  
  50  4:56  Pylon  
  51  5:00  Probe (Chrono Boost)  
  51  5:06  Probe (Chrono Boost), Sentry  
  55  5:11  Probe (Chrono Boost)  
  56  5:17  Probe (Chrono Boost)  
  54  5:21  Probe (Chrono Boost)  
  54  5:24  Void Ray  
  54  5:25  Assimilator  
  54  5:26  Assimilator  
  54  5:28  Probe (Chrono Boost)  
  56  5:32  Observer, Adept x2  
  56  5:33  Probe (Chrono Boost)  
  66  5:40  Probe (Chrono Boost)  
  67  5:43  Pylon  
  67  5:45  Probe (Chrono Boost)  
  68  5:50  Pylon  
  68  5:52  Probe (Chrono Boost)  
  70  5:57  Probe (Chrono Boost)  
  70  5:58  Robotics Bay  
  71  6:04  Probe (Chrono Boost)  
  71  6:05  Observer  
  72  6:12  Gateway  
  72  6:13  Gateway  
  72  6:16  Pylon, Gateway  
  72  6:17  Probe x2 (Chrono Boost)  
  74  6:23  Sentry  
  74  6:24  Observer  
  76  6:27  Adept x2  
  81  6:39  Colossus  
  87  6:48  Adept x2  
  87  6:49  Pylon  
  91  6:57  Extended Thermal Lance  
  91  6:59  Zealot  
  91  7:01  Pylon  
  89  7:11  Adept x2  
  93  7:26  Twilight Council, Zealot x2  
  97  7:34  Colossus  
  103  7:47  Pylon  
  103  7:53  Probe x2 (Chrono Boost), Blink  
  103  7:57  Nexus  
  104  8:00  Pylon  
  104  8:05  Stalker  
  104  8:06  Stalker x2  
  104  8:12  Probe (Chrono Boost)  
  112  8:13  Probe (Chrono Boost), Pylon  
  112  8:14  Pylon  
  112  8:20  Forge  
  112  8:21  Forge  
  112  8:22  Colossus  
  112  8:24  Probe (Chrono Boost)  
  112  8:25  Probe (Chrono Boost)  
  120  8:36  Probe (Chrono Boost)  
  120  8:37  Probe (Chrono Boost)  
  122  8:44  Nexus  
  122  8:47  Sentry, Pylon  
  122  8:48  Sentry, Adept  
  126  8:49  Adept  
  126  8:51  Pylon  
  126  8:54  Protoss Ground Armor Level 1  
  130  8:58  Probe (Chrono Boost)  
  130  9:01  Stalker x2, Protoss Ground Weapons Level 1  
  131  9:21  Probe x2 (Chrono Boost)  
  133  9:27  Adept x2  
  133  9:28  Adept x2  
  141  9:34  Adept x2  
  145  9:39  Pylon  
  139  9:51  Stalker x2  
  141  9:58  Stalker x2  
  141  10:04  Adept  
  122  10:26  Adept x4  
  98  10:48  Adept x2  
  98  10:49  Adept  
  108  10:51  Gateway  
  108  10:55  Gateway  
  108  10:56  Gateway  
  104  11:06  Assimilator  
  104  11:08  Pylon  
  104  11:09  Stalker x3  
Show
View Real Time Build Order
Export as new Build Order

iGXY Terran 

Build Orders: Cyclone Opening, MMM Bio 

Get SALT Encoding   

  12  0:01  SCV  
  13  0:13  SCV  
  14  0:19  Supply Depot  
  14  0:25  SCV  
  15  0:40  SCV  
  15  0:42  Barracks  
  16  0:47  Refinery  
  16  0:52  SCV  
  17  0:58  Refinery  
  17  1:04  SCV  
  18  1:17  SCV  
  19  1:28  Reaper  
  19  1:29  Orbital Command  
  20  1:45  Supply Depot  
  20  1:47  Factory  
  21  1:54  SCV  
  21  2:00  Marine  
  22  2:06  SCV  
  23  2:18  SCV  
  23  2:30  Cyclone, SCV  
  23  2:36  Starport  
  27  2:42  SCV  
  28  2:50  Supply Depot  
  28  2:54  SCV  
  29  3:06  SCV  
  30  3:13  Cyclone  
  30  3:18  SCV  
  34  3:31  SCV  
  35  3:36  Command Center  
  35  3:37  Supply Depot  
  35  3:43  SCV  
  35  3:45  Cyclone  
  39  3:48  Barracks  
  39  3:49  Starport Tech Lab  
  39  3:59  SCV  
  40  4:12  SCV  
  40  4:13  Barracks  
  41  4:17  Widow Mine, Starport Reactor  
  43  4:24  SCV  
  43  4:36  Engineering Bay, SCV  
  44  4:46  Marine, Stimpack  
  44  4:48  Orbital Command, SCV  
  44  4:52  Factory Reactor  
  46  5:00  SCV  
  46  5:03  Terran Infantry Weapons Level 1, Starport Reactor  
  46  5:06  Missile Turret  
  47  5:10  Marauder, Marine x2, Barracks Tech Lab  
  47  5:12  SCV  
  51  5:17  SCV  
  48  5:24  SCV  
  49  5:29  SCV  
  49  5:31  Marine  
  49  5:32  Marine x3  
  54  5:36  Combat Shields  
  54  5:37  SCV  
  54  5:41  SCV  
  56  5:44  Supply Depot  
  56  5:49  Marine x2, SCV  
  58  5:54  SCV  
  58  5:56  Marine  
  61  6:01  SCV  
  62  6:04  Supply Depot  
  62  6:05  Widow Mine x2, Medivac  
  62  6:06  Medivac  
  70  6:25  Marine x2  
  70  6:26  Marauder x2, SCV x2  
  70  6:30  Supply Depot  
  70  6:32  Supply Depot  
  78  6:42  SCV  
  78  6:43  SCV  
  77  6:49  Marine  
  77  6:51  Marauder x2, Marine  
  83  6:55  SCV  
  83  6:58  SCV  
  83  6:59  Widow Mine x2  
  85  7:05  Medivac  
  85  7:06  Medivac  
  85  7:07  SCV  
  85  7:08  Command Center  
  90  7:10  SCV  
  90  7:15  Terran Infantry Armor Level 1  
  91  7:19  SCV  
  91  7:22  SCV  
  92  7:25  Marauder  
  94  7:34  SCV  
  94  7:35  Marine x2  
  94  7:36  Marauder  
  97  7:38  SCV  
  97  7:41  Refinery  
  97  7:42  Refinery  
  97  7:43  Barracks  
  98  7:44  Barracks  
  98  7:46  SCV  
  98  7:50  SCV  
  100  7:56  Marine x2  
  102  8:00  Supply Depot  
  102  8:03  Liberator x2  
  102  8:04  SCV  
  101  8:11  Supply Depot  
  102  8:12  SCV  
  102  8:20  Supply Depot, SCV  
  102  8:23  Marauder  
  102  8:24  SCV  
  112  8:33  SCV  
  113  8:37  Orbital Command  
  113  8:38  SCV, Missile Turret  
  114  8:45  SCV  
  115  8:50  Barracks Reactor, Barracks Tech Lab, SCV  
  116  8:57  SCV  
  116  9:02  Marauder x2, Marine, SCV  
  122  9:03  Marine  
  122  9:09  Liberator x2, SCV  
  125  9:12  SCV  
  126  9:23  Marauder x2, Marine x2  
  126  9:24  Widow Mine x2  
  138  9:35  Marine  
  138  9:36  Marauder  
  139  9:41  Marine  
  139  9:42  Marine  
  139  9:44  Marauder  
  143  9:45  Marine  
  143  9:51  Marine  
  143  9:52  Liberator  
  135  9:58  Marine  
  127  10:15  SCV  
  127  10:17  Marine  
  108  10:27  SCV  
  97  10:29  Marine  
  89  10:38  Orbital Command  
  89  10:39  Marine, SCV  
  73  10:51  SCV  
  74  11:03  SCV  
  74  11:15  SCV  
  78  11:18  SCV  
Tags
 
Add a new tag
Caveats
  • Supply blocks, unpowered buildings, or Contaminate may cause inaccurate times.
  • Supply counts are checked every 10 seconds.